 Dungeon Crawl Stone Soup version 0.30-a0-381-g6ea064c7b4 (webtiles) character file.

Game seed: 16976552555450784937

51 NinjaNoafa the Ducker (level 3, -7/28 HPs)
             Began as a Merfolk Gladiator on Dec 1, 2022.
             Killed by divine providence
             ... invoked by an orc priest
              (11 damage)
             ... on level 2 of the Dungeon.
             The game lasted 00:03:02 (945 turns).

NinjaNoafa the Ducker (Merfolk Gladiator)            Turns: 945, Time: 00:03:03

Health: -7/28      AC:  4    Str: 14    XL:     3   Next: 81%
Magic:  3/3        EV: 14    Int:  7    God:
Gold:   48         SH:  0    Dex: 17    Spells: 2/2 levels left

rFire   . . .      SeeInvis .    a - +0 rapier
rCold   . . .      Faith    .    (no shield)
rNeg    . . .      Spirit   .    b - +0 leather armour
rPois   .          Reflect  .    c - +0 helmet
rElec   .          Harm     .    (no cloak)
rCorr   .          Rampage  .    (no gloves)
Will    .....                    (no boots)
Stlth   ++........               (no amulet)
HPRegen 0.24/turn                (no ring)
MPRegen 0.08/turn                (no ring)

@: no status effects
A: (nimble swimmer 2), mertail
a: no special abilities


You were on level 2 of the Dungeon.
You visited 1 branch of the dungeon, and saw 2 of its levels.

You collected 48 gold pieces.

Inventory:

Hand Weapons
 a - a +0 rapier (weapon)
Missiles
 d - 3 throwing nets (quivered)
 f - 5 poisoned darts
 j - 9 stones
Armour
 b - a +0 leather armour (worn)
 c - a +0 helmet (worn)
Scrolls
 e - a scroll of poison {unknown}
 i - 4 scrolls of identify {unknown}
 k - a scroll of amnesia {unknown}
 m - a scroll of vulnerability {unknown}
Potions
 h - a potion of curing {unknown}
 l - a potion of degeneration {unknown}


   Skills:
 + Level 2.9 Fighting
 + Level 4.2 Short Blades
 - Level 2.0 Throwing
 + Level 4.6 Dodging
 + Level 1.7 Stealth


You had 2 spell levels left.
You didn't know any spells.
Your spell library was empty.

Dungeon Overview and Level Annotations

Branches:
Dungeon (2/15)

Altars:

Shops:
D:1 [


Innate Abilities, Weirdness & Mutations

((You are very nimble when in or above water. (Stealth+, EV+, Speed+++)))
Your lower body shifts to a powerful aquatic tail in water.


Message History

You kill the bat!
There is an open door here.
g - a javelin You open the door.
An orc priest comes into view. It is wielding a +0 short sword.
An orc priest is nearby!
An orc priest is nearby!
You throw a javelin.
The javelin pierces through the orc priest.
The orc priest shouts!
The orc priest is moderately wounded.
An orc comes into view. It is wielding a +0 club.
An orc comes into view. It is wielding a +0 falchion.
There is an open door here.
An orc priest comes into view. It is wielding a +0 club.
An orc comes into view. It is wielding a +0 mace.
The orc shouts! x2; The orc priest shouts!
You hit the orc priest.
The orc priest is heavily wounded.
An endoplasm comes into view.
The orc priest calls down the wrath of Beogh upon you.
Beogh smites you!
Ouch! That really hurt!
The orc priest hits you but does no damage.
The endoplasm quivers.
You hit the orc priest.
The orc priest is almost dead.
The orc priest calls down the wrath of Beogh upon you.
Beogh smites you!
* * * LOW HITPOINT WARNING * * *
The orc priest looks encouraged for a moment.
You barely miss the orc priest.
The orc priest is almost dead.
The orc priest hits you with a +0 short sword.
* * * LOW HITPOINT WARNING * * *
You hit the orc priest but do no damage.
The orc priest is almost dead.
The orc priest calls down the wrath of Beogh upon you.
Beogh smites you!
You die...

#.#.......... ..#
#.#....##########.# #
#.#....#........#.# .#
#.###..'........#.# .# #
.......#........#....##.#
.......#........#.#J.....
.......#........#...o.o..
.##.#..#........#ooo.#
.##.#..#........@....#
.##.#..#........#..#.# .#
.#..##########..# # .#
...# ## ##.# # .# # .# .#
###


You could see 2 orc priests, 3 orcs and an endoplasm.

Vanquished Creatures
  2 adders
  A dart slug (D:2)
  4 bats
  2 endoplasms (D:1)
  A giant cockroach (D:1)
  3 goblins (D:1)
  2 hobgoblins (D:1)
  2 jackals (D:1)
  2 quokkas (D:1)
  A ball python (D:1)
  3 frilled lizards (D:1)
  2 kobolds
  6 rats (D:1)
31 creatures vanquished.

Notes
Turn   | Place    | Note
-------+----------+-------------------------------------------
     0 | D:1      | NinjaNoafa the Merfolk Gladiator began the quest for the
                  | Orb.
     0 | D:1      | Reached XP level 1. HP: 16/16 MP: 1/1
    28 | D:1      | Reached XP level 2. HP: 7/23 MP: 2/2
   249 | D:1      | Reached skill level 1 in Stealth
   383 | D:1      | Reached XP level 3. HP: 28/28 MP: 3/3
   427 | D:1      | Found Gixtatim's Armour Shop.
   945 | D:2      | Killed from afar by an orc priest

Illustrated notes

Levels and vault maps discovered:
D:1:      wander_arrival_fairy_ring, layout_basic, serial_shops, shop
D:2:      layout_loops_ring, minivault_25, chequers_jeans

Skill      XL: |  1  2 |
---------------+-------+-----
Stealth        | 1 |  1.7
Short Blades   | 4 |  4.2
Fighting       | |  2.9
Throwing       | |  2.0
Dodging        | |  4.6

Action                   || total
-------------------------++-------
Melee: Rapier            ||    98
       Punch             ||     1
Throw: Javelin           ||     5
 Stab: Sleeping          ||     2
Armor: Leather armour    ||    29
Dodge: Dodged            ||    88

Table legend: (Time is in decaauts)
 A = Elapsed time spent in this place.
 B = Non-inter-level travel time spent in this place.
 C = Inter-level travel time spent in this place.
 D = Time resting spent in this place.
 E = Time spent auto-exploring this place.
 F = Levels seen in this place.
 G = Mean time per level.
                   A        B        C        D        E       F      G
               +--------+--------+--------+--------+--------+-----+--------+
         Total |    947 |    917 |     30 |      0 |    654 |   2 |  473.5 |
       Dungeon |    947 |    917 |     30 |      0 |    654 |   2 |  473.5 |
               +--------+--------+--------+--------+--------+-----+--------+

Top non-repeatable levels by time:
     D:1: 815 daAuts
     D:2: 132 daAuts
